 Dungeon Crawl Stone Soup version 0.32-a0-871-ge202e49faa (webtiles) character file.

Game seed: 7814225212440817108

584 bmack86 the Cleaver (level 7, 0/57 HPs)
             Began as a Minotaur Fighter on Mar 30, 2024.
             Was an Initiate of Gozag.
             Slain by an ogre
             ... wielding a +0 giant club
              (19 damage)
             ... on level 5 of the Dungeon.
             The game lasted 00:09:57 (3952 turns).

bmack86 the Cleaver (Minotaur Fighter)              Turns: 3952, Time: 00:09:58

Health: 0/57       AC: 11    Str: 23    XL:     7   Next: 14%
Magic:  6/6        EV:  7    Int:  5    God:    Gozag
Gold:   1058       SH:  4    Dex:  9    Spells: 6/6 levels left

rFire   . . .        a - +0 war axe
rCold   + . .        c - +0 buckler
rNeg    . . .        x - +1 chain mail {rC+}
rPois   .            (helmet restricted)
rElec   .            f - +0 cloak
rCorr   .            (no gloves)
SInv    .            (no boots)
Will    .....        (no amulet) Stlth
                     (no ring)
HPRegen 0.29/turn    (no ring)
MPRegen 0.10/turn

%: no passive effects
@: mighty
A: horns 2, retaliatory headbutt
a: Renounce Religion, Potion Petition, Call Merchant, Bribe Branch


You were on level 5 of the Dungeon.
You worshipped Gozag.
Gozag was most pleased with you.
You visited 2 branches of the dungeon, and saw 7 of its levels.

You collected 1128 gold pieces.
You paid 70 gold pieces to Gozag.

Inventory:

Hand Weapons
 a - a +0 war axe (weapon)
Missiles
 h - 9 boomerangs
Armour
 b - a +0 scale mail
 c - a +0 buckler (worn)
 f - a +0 cloak (worn)
 q - a +0 chain mail
 x - a +1 chain mail of cold resistance (worn)
 y - a +0 plate armour
Jewellery
 n - a ring of fire
 t - a ring of protection from cold
Wands
 u - a wand of flame (15) (quivered)
Scrolls
 e - a scroll of poison
 g - a scroll of brand weapon
 i - 3 scrolls of vulnerability
 l - 2 scrolls of fog
 r - a scroll of noise {unknown}
 s - 2 scrolls of teleportation
 v - a scroll of blinking {unknown}
 w - a scroll of amnesia {unknown}
Potions
 d - a potion of might
 j - 2 potions of curing
 k - a potion of cancellation
 m - a potion of lignification
 o - 2 potions of enlightenment


   Skills:
 - Level 3.6 Fighting
 + Level 8.9 Axes
 - Level 3.6 Armour
 - Level 5.0 Shields


You had 6 spell levels left.
You didn't know any spells.
Your spell library contained the following spells:

 Spells                   Type           Power      Damage    Failure   Level
 Blink                    Tloc           0%         N/A       99%         2
 Lesser Beckoning         Tloc           0%         N/A       99%         2
 Mercury Vapours          Alch/Air       0%         N/A       99%         2
 Momentum Strike          Conj/Tloc      0%         3d8       99%         2
 Sublimation of Blood     Necr           0%         N/A       99%         2
 Dazzling Flash           Conj/Hex       0%         N/A       100%        3
 Inner Flame              Hex/Fire       0%         N/A       100%        3
 Mephitic Cloud           Conj/Alch/Air  0%         N/A       100%        3
 Petrify                  Alch/Erth      0%         N/A       100%        4
 Irradiate                Conj/Alch      0%         3d11      100%        5
 Fire Storm               Conj/Fire      0%         5d1       100%        9


Dungeon Overview and Level Annotations

Branches:
Dungeon (6/15)             Temple (1/1) D:4

Altars:
Ashenzari
Elyvilon
Gozag
Hepliaklqana
Kikubaaqudgha
Makhleb
Nemelex Xobeh
Vehumet
Wu Jian

Annotations:
D:5 1 runed translucent door, xianbchi's ghost, novice OpHu


Innate Abilities, Weirdness & Mutations

You have a pair of horns on your head.
You reflexively headbutt those who attack you in melee.


Message History

You see here a +0 spear.
Xianbchi's ghost turns its malevolent gaze towards you.
The bullfrog croaks.
The adder hisses angrily.
The adder hisses angrily.
Could not explore, unopened runed door.
You see here a +0 spear.
You see here a +0 bardiche.
There is a stone staircase leading down, spattered with blood here.
You see here a +0 short sword.
You climb downwards.
The ogre shouts! x2; You hear a bark!
There is a stone staircase leading up here.
As you read the scroll labelled MAFOIWAWUKK, it crumbles to dust.
You feel strangely unstable.
It was a scroll of teleportation.
The wight closely misses you.
You climb upwards.
Level annotation: 1 runed translucent door, xianbchi's ghost, novice OpHu
There is a stone staircase leading down, spattered with blood here.
You see here a +0 short sword.
Your surroundings seem slightly different.
There is a stone staircase leading down, spattered with blood here.
You see here a +0 short sword.
You climb downwards.
The ogre hits you with a +0 giant spiked club!!
You block the ogre's attack.
There is a stone staircase leading up, spattered with blood here.
The ogre hits you with a +0 giant club!!
The ogre hits you but does no damage.
You climb upwards.
Level annotation: 1 runed translucent door, xianbchi's ghost, novice OpHu
There is a stone staircase leading down, spattered with blood here.
You see here a +0 short sword.
You feel very mighty all of a sudden.
You slash the ogre!
The ogre is heavily wounded.
You barely miss the ogre.
The ogre hits you with a +0 giant club!!
You die...
Your body crumbles into a pile of gold.

....#####..)# #.##....# ###
>....# #...# ##.#####.## .....#
#...# ##.........# ######
.#..)####...###........(.# #.....
#........................###.....
##................)..#...........
.....................#...###.....
.....####...###O)O.....#.# #.....
..##.# #...# ##@........# ######
####.# #...# ##.##.#.### ####.#
#...#####......# .....#
#..........#.#.##
#################..#..#.########
#.........# #....###..)....##
####.#######.#####.##.#.######...
.....# #........##.## #### ####.#
#..####..####


You could see 2 ogres.

Vanquished Creatures
  A gnoll sergeant (D:5)
  Crazy Yiuf (D:3)
  A jelly (D:5)
  3 bombardier beetles (D:5)
  4 iguanas
  A sleepcap (D:4)
  Ijyb (D:3)
  An orc wizard (D:4)
  3 gnolls (D:5)
  5 adders
  2 dart slugs
  17 orcs
  6 bats
  8 endoplasms
  2 giant cockroaches (D:4)
  2 goblins
  7 hobgoblins
  11 jackals
  4 quokkas
  7 ball pythons
  3 frilled lizards
  4 kobolds
  4 rats
98 creatures vanquished.

Notes
Turn   | Place    | Note
-------+----------+-------------------------------------------
     0 | D:1      | bmack86 the Minotaur Fighter began the quest for the Orb.
     0 | D:1      | Reached XP level 1. HP: 19/19 MP: 0/0
   528 | D:1      | Reached XP level 2. HP: 23/26 MP: 1/1
  1016 | D:2      | Reached skill level 3 in Axes
  1042 | D:2      | Reached XP level 3. HP: 31/31 MP: 2/2
  1059 | D:2      | Got the Parchment of Pyromania and Bolts
  1186 | D:2      | Reached skill level 5 in Shields
  1590 | D:3      | Reached skill level 4 in Axes
  1592 | D:3      | Reached XP level 4. HP: 39/39 MP: 3/3
  1908 | D:3      | Found a runed translucent door.
  1909 | D:3      | Noticed Crazy Yiuf
  1914 | D:3      | Killed Crazy Yiuf
  1954 | D:3      | Reached skill level 5 in Axes
  1954 | D:3      | Reached XP level 5. HP: 45/45 MP: 4/4
  2054 | D:3      | Noticed Ijyb
  2065 | D:3      | Killed Ijyb
  2436 | D:4      | Reached skill level 6 in Axes
  2496 | D:4      | Identified a scroll of acquirement
  2496 | D:4      | Acquired 723 gold pieces
  2706 | D:4      | Found a staircase to the Ecumenical Temple.
  2720 | Temple   | Entered the Ecumenical Temple
  2763 | Temple   | Became a worshipper of Gozag Ym Sagoz the Greedy
  3002 | D:5      | Entered Level 5 of the Dungeon
  3007 | D:5      | Found a runed translucent door.
  3010 | D:5      | Noticed xianbchi's ghost (novice OpHu)
  3029 | D:5      | Reached skill level 7 in Axes
  3029 | D:5      | Reached XP level 6. HP: 47/51 MP: 5/5
  3207 | D:5      | Got the Incunabulum of Gusts
  3517 | D:5      | Reached skill level 8 in Axes
  3571 | D:5      | Reached XP level 7. HP: 5/57 MP: 6/6
  3952 | D:5      | Slain by an ogre

Illustrated notes

Levels and vault maps discovered:
D:1:      psy_arrival_whirlpool, layout_loops_cross, grunt_decor_one_mirror
D:2:      layout_loops_cross, minmay_heptomino_d4
D:3:      layout_loops_cross, uniq_crazy_yiuf_cottage, uniq_ijyb
D:4:      layout_rooms, minmay_temple_entry_stoned_glass, minmay_cupped
D:5:      layout_loops_cross, ebering_ghost_sewer_d
D:6:      layout_gridville, nzn_overflow_gifts_of_might_and_magic, st_stairs_10,
          hex_tiny, nrook_mini_vaults
Temple:   hellmonk_temple_beads

Skill      XL: |  1  2  3  4  5  6 |
---------------+-------------------+-----
Shields        | 4 5 |  5.0
Axes           | 3 4 5 7 8 |  8.9
Fighting       | |  3.6
Armour         | |  3.6

Action                     |  1- 3 |  4- 6 |  7- 9 || total
---------------------------+-------+-------+-------++-------
  Melee: War axe           |    84 |   114 |    13 ||   211
         Headbutt          |    14 |    15 |     1 ||    30
  Evoke: Wand              |       |     2 |       ||     2
    Use: Scroll            |     4 |     7 |     1 ||    12
         Potion            |       |       |     2 ||     2
 Armour: Scale mail        |   100 |       |       ||   100
         Chain mail        |       |   109 |    23 ||   132
  Dodge: Dodged            |    44 |    50 |    10 ||   104
  Block: Buckler           |    32 |    36 |     2 ||    70

Table legend: (Time is in decaauts)
 A = Elapsed time spent in this place.
 B = Non-inter-level travel time spent in this place.
 C = Inter-level travel time spent in this place.
 D = Time resting spent in this place.
 E = Time spent auto-exploring this place.
 F = Levels seen in this place.
 G = Mean time per level.
                   A        B        C        D        E       F      G
               +--------+--------+--------+--------+--------+-----+--------+
         Total |   4009 |   3773 |    236 |    100 |   2724 |   7 |  572.7 |
       Dungeon |   3922 |   3770 |    152 |    100 |   2724 |   6 |  653.7 |
        Temple |     86 |      2 |     84 |      0 |      0 |   1 |   86.0 |
               +--------+--------+--------+--------+--------+-----+--------+

Top non-repeatable levels by time:
     D:5: 952 daAuts
     D:3: 885 daAuts
     D:2: 841 daAuts
     D:1: 702 daAuts
     D:4: 535 daAuts
  Temple: 86 daAuts
     D:6: 5 daAuts
